 Dungeon Crawl Stone Soup version 0.27-a0-972-gd1521fd518 (webtiles) character file.

Game seed: 7836049786338080659

3498 kae the Ruffian (level 9, -2/88 HPs)
             Began as a Red Draconian Transmuter on Apr 13, 2021.
             Was a Follower of Ru.
             Slain by an elephant (10 damage)
             ... on level 8 of the Dungeon.
             The game lasted 00:07:28 (8930 turns).

kae the Ruffian (Red Draconian Transmuter)          Turns: 8930, Time: 00:07:28

Health: -2/88      AC:  6    Str: 15    XL:     9   Next: 80%
Magic:  20/24      EV:  6    Int: 14    God:    Ru [*.....]
Gold:   383        SH:  0    Dex: 12    Spells: 9/17 levels left

rFire    x . .     SeeInvis +     - Unarmed
rCold    + + +     Faith    .   (shield currently unavailable)
rNeg     . . .     Spirit   .   (armour unavailable)
rPois    +         Reflect  .   (helmet currently unavailable)
rElec    .         Harm     .   (cloak currently unavailable)
rCorr    .         Rampage  .   (gloves currently unavailable)
Will     .....                  (boots currently unavailable)
Stlth    +++.......             o - amulet of regeneration
HPRegen  1.24/turn              c - ring of see invisible
MPRegen  0.19/turn              i - ring of magical power

@: about to teleport, ice-form, petrifying, very slow
A: freezing attack, amphibious, boosted hp, (breathe fire), AC +7, large,
unfitting armour, (fire resistance 1), (cold-blooded), hated by all
a: End Transformation, Renounce Religion


You were on level 8 of the Dungeon.
You worshipped Ru.
Ru was aware of your devotion.
You were a creature of crystalline ice.
You visited 2 branches of the dungeon, and saw 9 of its levels.

You collected 383 gold pieces.

Inventory:

Missiles
 h - 5 curare-tipped darts
 u - a throwing net
Armour
 b - a +2 cloak (melded)
Jewellery
 c - a ring of see invisible (left front paw)
 i - a ring of magical power (right front paw)
 j - a +6 ring of intelligence
 o - an amulet of regeneration (around neck)
 x - a +4 ring of protection
Wands
 g - a wand of paralysis (6)
 l - a wand of flame (15)
 p - a wand of mindburst (6)
Scrolls
 a - 3 scrolls of teleportation
 n - a scroll of amnesia {unknown}
 q - a scroll of identify
 s - a scroll of enchant armour {unknown}
 t - 4 scrolls of fog
 y - a scroll of blinking
 z - a scroll of fear {unknown}
Potions
 d - 2 potions of mutation
 e - 2 potions of curing
 f - a potion of attraction
 k - a potion of might
 m - a potion of lignification {unknown}
 r - a potion of heal wounds
 v - a potion of flight {unknown}
 w - a potion of ambrosia {unknown}


   Skills:
 + Level 5.1 Fighting
 + Level 4.5 Dodging
 + Level 4.4 Stealth
 * Level 7.3 Unarmed Combat
 + Level 4.6 Spellcasting
 * Level 6.9 Transmutations
 - Level 3.0 Ice Magic
 - Level 2.0 Poison Magic


You had 9 spell levels left.
You knew the following spells:

 Your Spells              Type           Power      Damage    Failure   Level
a - Beastly Appendage     Tmut           44%        N/A       1%          1
b - Spider Form           Tmut/Pois      7%         N/A       9%          3
c - Ice Form              Ice/Tmut       17%        N/A       24%         4

Your spell library contained the following spells:

 Spells                   Type           Power      Damage    Failure   Level
 Wereblood                Tmut           22%        N/A       1%          2
 Magic Dart               Conj           12%        1d3       19%         1
 Blink                    Tloc           N/A        N/A       28%         2
 Slow                     Hex            3%         N/A       28%         2
 Hydra Form               Tmut           11%        N/A       28%         5
 Mephitic Cloud           Conj/Pois/Air  5%         N/A       38%         3
 Petrify                  Tmut/Erth      13%        N/A       41%         4
 Confusing Touch          Hex            3%         N/A       50%         3
 Conjure Flame            Conj/Fire      3%         6-21      50%         3
 Gell's Gravitas          Tloc           1%         N/A       50%         3
 Yara's Violent Unravell  Hex/Tmut       6%         3d5       77%         5
 Metabolic Englaciation   Hex/Ice        3%         N/A       95%         5
 Call Imp                 Summ           Unusable   N/A       N/A         2

Dungeon Overview and Level Annotations

Branches:
Dungeon (8/15)             Temple (1/1) D:6            Lair (0/6) D:8

Altars:
Ashenzari
Cheibriados
Dithmenos
Elyvilon
Fedhas
Gozag
Hepliaklqana
Kikubaaqudgha
Makhleb
Nemelex Xobeh
Okawaru
Qazlal
Ru
Sif Muna
Trog
Uskayaw
Vehumet
Wu Jian
Xom
Yredelemnul
Zin
The Shining One

Shops:
D:6 [

Annotations:
D:3 Sigmund
D:4 exclusion: orc wizard


Innate Abilities, Weirdness & Mutations

You are a creature of crystalline ice.
You have a powerful freezing melee attack.
You are amphibious.
Your maximum health is increased.
Your armour is entirely melded.
You are incapable of wielding weapons or throwing items.
((You can breathe blasts of fire.))
((Your fiery red scales are hard. (AC +7)))
You cannot fit into any form of body armour.
((Your flesh is heat resistant. (rF+)))
((You are cold-blooded and may be slowed by cold attacks.))
You are hated by all.


Message History

You can't go up here!
You pummel the elephant!! You freeze the elephant!
The elephant is heavily wounded.
The elephant barely misses you.
The elephant trunk-slaps you but does no damage.
You punch the elephant! You freeze the elephant.
The elephant is severely wounded.
The elephant tramples you!
You hold your ground!
The elephant trunk-slaps you but does no damage.
You hit the elephant but do no damage.
The elephant is severely wounded.
The elephant tramples you!
You stumble backwards!
The killer bee buzzes angrily.
You punch the elephant! You freeze the elephant.
The elephant is almost dead.
The elephant tramples you!!
* * * LOW HITPOINT WARNING * * *
You stumble backwards!
You hit the elephant but do no damage.
The elephant is almost dead.
You hit the elephant but do no damage.
The elephant is almost dead.
The elephant misses you. The elephant trunk-slaps you.
* * * LOW HITPOINT WARNING * * *
The gnoll hits you with a +0 flail!
* * * LOW HITPOINT WARNING * * *
The basilisk gazes at you.
You are slowing down.
Unknown command.
Unknown command.
Unknown command.
Unknown command.
As you read the scroll of teleportation, it crumbles to dust.
You feel strangely unstable.
The elephant tramples you but does no damage.
The elephant trunk-slaps you but does no damage.
The gnoll hits you with a +0 flail!
* * * LOW HITPOINT WARNING * * *
The elephant tramples you!
You die...

.. #...# ##.##
##.### .....## #..#
#.#..# ###(##
#####....###)..#
##.....#.....)###
#.............##
...............####
.........Yly......#
.........gY.........
.........gy....###..
..........y.<..# #
#.......(......#
##.....#.....#l#
#######..##.#y#
##.#..#.# #...##l###


You could see an elephant, a basilisk, a wyvern, 4 killer bees and 2 gnolls.

Vanquished Creatures
  3 kobold demonologists (D:5)
  A sky beast (D:7)
  3 orc warriors
  2 ice beasts (D:5)
  4 ogres
  A centaur (D:6)
  A necrophage (D:5)
  3 phantoms
  Blork the orc (D:4)
  3 kobold brigands
  2 bullfrogs
  A scorpion (D:5)
  A water moccasin zombie (D:5)
  A killer bee (D:8)
  3 wights (D:6)
  A howler monkey (D:1)
  A bullfrog zombie (D:5)
  5 orc priests
  2 bullfrog skeletons
  2 iguanas
  7 orc wizards
  2 gnolls (D:6)
  6 adders
  A white imp (D:7)
  An ufetubus (D:7)
  3 worms
  A dart slug (D:4)
  24 orcs
  8 endoplasms
  4 giant cockroaches
  6 goblins
  4 hobgoblins
  12 jackals
  A quokka (D:1)
  5 ball pythons
  5 bats
  4 frilled lizards
  21 kobolds
  5 rats
161 creatures vanquished.

Vanquished Creatures (others)
  3 plants
3 creatures vanquished.

Grand Total: 164 creatures vanquished

Notes
Turn   | Place    | Note
-------+----------+-------------------------------------------
     0 | D:1      | kae the Draconian Transmuter began the quest for the Orb.
     0 | D:1      | Reached XP level 1. HP: 16/16 MP: 3/3
   345 | D:1      | Reached XP level 2. HP: 19/23 MP: 3/5
  1066 | D:1      | Found a faded altar of an unknown god.
  1387 | D:2      | Noticed a howler monkey
  1408 | D:1      | Killed a howler monkey
  1409 | D:1      | Reached XP level 3. HP: 17/29 MP: 4/6
  1415 | D:1      | Reached skill level 1 in Stealth
  1415 | D:1      | Reached XP level 4. HP: 21/36 MP: 5/7
  1419 | D:1      | Learned a level 3 spell: Spider Form
  2702 | D:3      | Reached XP level 5. HP: 41/41 MP: 6/8
  2875 | D:3      | Noticed Sigmund
  2920 | D:2      | Reached skill level 1 in Poison Magic
  3734 | D:4      | Noticed an ogre
  3742 | D:4      | Killed an ogre
  3743 | D:4      | Reached skill level 4 in Unarmed Combat
  3743 | D:4      | Reached XP level 6. HP: 43/48 MP: 9/9
  4990 | D:4      | Found Likh's Armour Boutique.
  5038 | D:4      | Your scales start taking on a fiery red colour.
  5038 | D:4      | Reached XP level 7. HP: 49/56 MP: 5/11
  5038 | D:4      | Gained mutation: Your flesh is heat resistant. (rF+) [Red
                  | Draconian growth]
  5267 | D:4      | Noticed Blork the orc
  5276 | D:4      | Killed Blork the orc
  5722 | D:5      | Entered Level 5 of the Dungeon
  5766 | D:5      | Learned a level 4 spell: Ice Form
  5778 | D:5      | Reached skill level 5 in Unarmed Combat
  5787 | D:5      | Noticed a kobold demonologist
  5794 | D:5      | Noticed a kobold demonologist
  5799 | D:5      | Noticed a chaos spawn
  5963 | D:5      | Reached skill level 1 in Ice Magic
  6065 | D:5      | Reached XP level 8. HP: 27/63 MP: 13/13
  6178 | D:5      | Noticed a kobold demonologist
  6190 | D:5      | Killed a kobold demonologist
  6191 | D:5      | Reached skill level 5 in Transmutations
  6201 | D:5      | Noticed a sun demon
  6201 | D:5      | Killed a kobold demonologist
  6227 | D:5      | Killed a kobold demonologist
  6228 | D:5      | Reached skill level 6 in Unarmed Combat
  6383 | D:5      | Reached XP level 9. HP: 39/71 MP: 14/14
  7057 | D:6      | Found an iron altar of Okawaru.
  7387 | D:6      | Found a staircase to the Ecumenical Temple.
  7411 | Temple   | Entered the Ecumenical Temple
  7473 | Temple   | Became a worshipper of Ru the Awakened
  8012 | D:6      | Found Deilusk's Antique Armour Emporium.
  8287 | D:7      | Reached skill level 7 in Unarmed Combat
  8692 | D:7      | Reached skill level 5 in Fighting
  8716 | D:7      | Gained mutation: You are hated by all. [Ru sacrifice]
  8716 | D:7      | Reached * piety under Ru
  8806 | D:7      | You fall into a shaft and drop 1 floor!
  8907 | D:8      | Noticed an elephant
  8908 | D:8      | Found a staircase to the Lair.
  8930 | D:8      | Slain by an elephant

Illustrated notes

Levels and vault maps discovered:
D:1:      kennysheep_arrival_seaside, layout_basic,
          shapermc_ecumenical_altar_starsandcircs
D:2:      layout_rooms, hangedman_decor_diamond_cutter
D:3:      layout_loops_cross, uniq_sigmund
D:4:      layout_gridville, serial_shops, shop, lemuel_old_faithful,
          uniq_blork_the_orc
D:5:      layout_loops_ring, corexii_shack
D:6:      layout_loops_corners, okawaru_altar_gauntlet_db,
          minmay_temple_entry_purple_smoke, serial_shops, shop, serial_rivers,
          chequers_serial_rivers_large_a, chequers_serial_rivers_small_b,
          chequers_serial_rivers_small_b, chequers_serial_rivers_small_a,
          hex_tiny, grunt_decor_cap, minmay_crossroads
D:7:      layout_loops_corners, corner_web_ring
D:8:      layout_rooms, david_lair_generic
Temple:   nicolae_temple_the_god_donut

Skill      XL: |  1  2  3  4  5  6  7  8  9 |
---------------+----------------------------+-----
Dodging        | 2 3 4 |  4.5
Stealth        | 1 2 3 4 |  4.4
Transmutations | 3 4 5 6 |  6.9
Fighting       | 2 3 4 5 |  5.1
Poison Magic   | 1 2 |  2.0
Unarmed Combat | 4 5 6 7 |  7.3
Spellcasting   | 3 4 |  4.6
Ice Magic      | 1 2 3 |  3.0

Action                   |  1- 3 |  4- 6 |  7- 9 || total
-------------------------+-------+-------+-------++-------
Melee: Unarmed           |    75 |   183 |   297 ||   555
       Kick              |    10 |    14 |       ||    24
       Headbutt          |     9 |    10 |       ||    19
       Tailslap          |     4 |    13 |     4 ||    21
       Punch             |       |     1 |       ||     1
 Cast: Beastly Appendage |    15 |    20 |       ||    35
       Spider Form       |       |    15 |    32 ||    47
       Ice Form          |       |       |     7 ||     7
Invok: Sacrifice Love    |       |       |     1 ||     1
 Abil: Breathe Fire      |       |       |     4 ||     4
  Use: Scroll            |       |     1 |    14 ||    15
       Potion            |       |     1 |       ||     1
 Stab: Distracted        |       |     2 |       ||     2
       Sleeping          |       |     1 |     4 ||     5
Armor: Skin              |    20 |    62 |    37 ||   119
Dodge: Dodged            |    57 |   178 |   218 ||   453

Table legend: (Time is in decaauts)
 A = Elapsed time spent in this place.
 B = Non-inter-level travel time spent in this place.
 C = Inter-level travel time spent in this place.
 D = Time resting spent in this place.
 E = Time spent auto-exploring this place.
 F = Levels seen in this place.
 G = Mean time per level.
                   A        B        C        D        E       F      G
               +--------+--------+--------+--------+--------+-----+--------+
         Total |   8903 |   8576 |    327 |    905 |   6148 |   9 |  989.2 |
       Dungeon |   8814 |   8512 |    302 |    905 |   6101 |   8 | 1101.8 |
        Temple |     88 |     63 |     25 |      0 |     47 |   1 |   88.0 |
               +--------+--------+--------+--------+--------+-----+--------+

Top non-repeatable levels by time:
     D:4: 2058 daAuts
     D:1: 1754 daAuts
     D:6: 1290 daAuts
     D:5: 1096 daAuts
     D:3: 1075 daAuts
     D:2: 899 daAuts
     D:7: 521 daAuts
     D:8: 118 daAuts
  Temple: 88 daAuts
